PAAA
BAKERSFIELD NOBLES @ ROYSE CITY TARGARYENS
08/09/2030
 
TOP OF THE 1ST
Bakersfield Nobles batting - Pitching for Royse City Targaryens : RHP Joe Pruitt
Pitching: RHP Joe Pruitt
Batting: RHB Jesús Orozco 0-0: Called Strike
0-1: Ball
1-1: Ball
2-1: Foul Ball, location: 2F
2-2: Foul Ball, location: 2F
2-2: Ball
3-2: Foul Ball, location: 2F
3-2: Fly out, F3 (Popup, 3)
Batting: RHB Alfredo García 0-0: Called Strike
0-1: Foul Ball, location: 2F
0-2: Ball
1-2: Ground out 6-3 (Groundball, 6MS)
Batting: LHB Ramiro Ramos 0-0: Called Strike
0-1: Foul Ball, location: 2F
0-2: Foul Ball, location: 2F
0-2: Ball
1-2: Foul Ball, location: 2F
1-2: Fly out, F7 (Line Drive, 78M)
Top of the 1st over - 0 runs, 0 hits, 0 errors, 0 left on base; Bakersfield 0 - Royse City 0
BOTTOM OF THE 1ST
Royse City Targaryens batting - Pitching for Bakersfield Nobles : RHP Jaganmani Vivek
Pitching: RHP Jaganmani Vivek
Batting: RHB Javier Chávez 0-0: Called Strike
0-1: Called Strike
0-2: Strikes out looking
Batting: RHB Chi-ju Zhang 0-0: Ball
1-0: Ground out 6-3 (Groundball, 6S)
Batting: LHB Juan Macíel 0-0: Fly out, F9 (Flyball, 89D)
Bottom of the 1st over - 0 runs, 0 hits, 0 errors, 0 left on base; Bakersfield 0 - Royse City 0
TOP OF THE 2ND
Bakersfield Nobles batting - Pitching for Royse City Targaryens : RHP Joe Pruitt
Batting: LHB Hideki Hisanobu 0-0: Called Strike
0-1: Ball
1-1: Called Strike
1-2: Foul Ball, location: 2F
1-2: Strikes out swinging
Batting: RHB Marcos Reyes 0-0: Ball
1-0: Ball
2-0: Fly out, F9 (Flyball, 9LS)
Batting: RHB Juan Tellado 0-0: Ball
1-0: Fly out, F7 (Flyball, 7S)
Top of the 2nd over - 0 runs, 0 hits, 0 errors, 0 left on base; Bakersfield 0 - Royse City 0
BOTTOM OF THE 2ND
Royse City Targaryens batting - Pitching for Bakersfield Nobles : RHP Jaganmani Vivek
Batting: LHB Terrence Eler 0-0: Ball
1-0: Swinging Strike
1-1: Ball
2-1: Fly out, F9 (Line Drive, 9D)
Batting: RHB Alberto Vargas 0-0: Called Strike
0-1: Swinging Strike
0-2: Foul Ball, location: 2F
0-2: Strikes out swinging
Batting: LHB Gonzalo Álvarez 0-0: Ball
1-0: Fly out, F8 (Flyball, 8RS)
Bottom of the 2nd over - 0 runs, 0 hits, 0 errors, 0 left on base; Bakersfield 0 - Royse City 0
TOP OF THE 3RD
Bakersfield Nobles batting - Pitching for Royse City Targaryens : RHP Joe Pruitt
Batting: LHB Bill Chambers 0-0: Ball
1-0: Called Strike
1-1: SINGLE (Line Drive, 78M)
Batting: RHB António Ramírez 0-0: Ball
1-0: Called Strike
1-1: Called Strike
1-2: Strikes out swinging
Batting: RHB Mario Blanco 0-0: Ball
1-0: Ball
2-0: Ball
3-0: Called Strike
3-1: Base on Balls
Bill Chambers to second
Batting: RHB Jesús Orozco 0-0: Called Strike
0-1: Ball
1-1: Foul Ball, location: 2F
1-2: Ball
2-2: Ball
3-2: Fielders Choice at 2nd, 4-6 (Groundball, 4)
Bill Chambers to third
Batting: RHB Alfredo García 0-0: Called Strike
0-1: Ball
1-1: Ball
2-1: Foul Ball, location: 2F
2-2: Ball
3-2: SINGLE (Groundball, 6MD)
Bill Chambers scores
Jesús Orozco to second
Jesús Orozco to third
Batting: LHB Ramiro Ramos 0-0: Ground out 4-3 (Groundball, 4)
Top of the 3rd over - 1 run, 2 hits, 0 errors, 2 left on base; Bakersfield 1 - Royse City 0
BOTTOM OF THE 3RD
Royse City Targaryens batting - Pitching for Bakersfield Nobles : RHP Jaganmani Vivek
Batting: RHB Felipe Campos 0-0: Foul Ball, location: 2F
0-1: Foul Ball, location: 2F
0-2: Foul Ball, location: 2F
0-2: Ball
1-2: Ball
2-2: SINGLE (Groundball, 56D)
Batting: LHB Ashley Thachi 0-0: Ball
1-0: Called Strike
1-1: Ball
2-1: Called Strike
2-2: Foul Ball, location: 2F
2-2: Foul Ball, location: 2F
2-2: Ball
3-2: Strikes out swinging
Felipe Campos is caught stealing 2nd base
Batter strikes out.
Batting: RHB Charlie Rhodes 0-0: Foul Ball, location: 2F
0-1: Swinging Strike
0-2: Foul Ball, location: 2F
0-2: Ball
1-2: SINGLE (Line Drive, 56D)
Batting: RHB Javier Chávez 0-0: Swinging Strike
0-1: Called Strike
0-2: Ball
1-2: Fly out, F9 (Flyball, 9)
Bottom of the 3rd over - 0 runs, 2 hits, 0 errors, 1 left on base; Bakersfield 1 - Royse City 0
TOP OF THE 4TH
Bakersfield Nobles batting - Pitching for Royse City Targaryens : RHP Joe Pruitt
Batting: LHB Hideki Hisanobu 0-0: Foul Ball, location: 2F
0-1: Foul Ball, location: 2F
0-2: SINGLE (Flyball, 7LS)
Batting: RHB Marcos Reyes 0-0: Grounds into double play, 6-4-3 (Groundball, 6)
Batting: RHB Juan Tellado 0-0: Ball
1-0: Ball
2-0: Ground out 5-3 (Groundball, 5S)
Top of the 4th over - 0 runs, 1 hit, 0 errors, 0 left on base; Bakersfield 1 - Royse City 0
BOTTOM OF THE 4TH
Royse City Targaryens batting - Pitching for Bakersfield Nobles : RHP Jaganmani Vivek
Batting: RHB Chi-ju Zhang 0-0: Ball
1-0: Ball
2-0: Ball
3-0: Called Strike
3-1: Foul Ball, location: 2F
3-2: SOLO HOME RUN (Flyball, 9D), Distance : 355 ft
Batting: LHB Juan Macíel 0-0: Ground out 4-3 (Groundball, 34D)
Batting: LHB Terrence Eler 0-0: Called Strike
0-1: Ball
1-1: Hit by Pitch
Batting: RHB Alberto Vargas 0-0: Called Strike
0-1: Foul Ball, location: 2F
0-2: Grounds into double play, 5-4-3 (Groundball, 56)
Bottom of the 4th over - 1 run, 1 hit, 0 errors, 0 left on base; Bakersfield 1 - Royse City 1
TOP OF THE 5TH
Bakersfield Nobles batting - Pitching for Royse City Targaryens : RHP Joe Pruitt
Batting: LHB Bill Chambers 0-0: Foul Ball, location: 2F
0-1: Swinging Strike
0-2: Ball
1-2: Ball
2-2: SINGLE (Groundball, 34D)
Batting: RHB António Ramírez 0-0: Ball
1-0: DOUBLE (Groundball, 5L)
Bill Chambers to third
Batting: RHB Mario Blanco 0-0: Called Strike
0-1: Swinging Strike
0-2: Fly out, F8 (Flyball, 8LD)
Runner from 3rd tags up, SCORES, throw made
Batting: RHB Jesús Orozco 0-0: Ball
1-0: Foul Ball, location: 2F
1-1: Ball
2-1: Ground out 4-3 (Groundball, 4S)
António Ramírez to third
Batting: RHB Alfredo García 0-0: Called Strike
0-1: Ball
1-1: Ball
2-1: Ball
3-1: Base on Balls
Batting: LHB Ramiro Ramos 0-0: Ball
1-0: Foul Ball, location: 2F
1-1: Foul Ball, location: 2F
1-2: Ground out 6-3 (Groundball, 56)
Top of the 5th over - 1 run, 2 hits, 0 errors, 2 left on base; Bakersfield 2 - Royse City 1
BOTTOM OF THE 5TH
Royse City Targaryens batting - Pitching for Bakersfield Nobles : RHP Jaganmani Vivek
Batting: LHB Gonzalo Álvarez 0-0: Called Strike
0-1: Ball
1-1: Foul Ball, location: 2F
1-2: Ball
2-2: Foul Ball, location: 2F
2-2: Strikes out swinging
Batting: RHB Felipe Campos 0-0: Ball
1-0: Ball
2-0: Swinging Strike
2-1: Ball
3-1: Foul Ball, location: 2F
3-2: Strikes out swinging
Batting: LHB Ashley Thachi 0-0: Ball
1-0: Ball
2-0: Fly out, F6 (Popup, P)
Bottom of the 5th over - 0 runs, 0 hits, 0 errors, 0 left on base; Bakersfield 2 - Royse City 1
TOP OF THE 6TH
Bakersfield Nobles batting - Pitching for Royse City Targaryens : RHP Joe Pruitt
Batting: LHB Hideki Hisanobu 0-0: Ball
1-0: Called Strike
1-1: SINGLE (Line Drive, 6MD)
Batting: RHB Marcos Reyes 0-0: Ball
1-0: Fly out, F9 (Flyball, 89M)
Batting: RHB Juan Tellado 0-0: Called Strike
Hideki Hisanobu steals 2nd base
0-1: Ball
1-1: Ground out 5-3 (Groundball, 56S)
Hideki Hisanobu to third
Batting: LHB Bill Chambers 0-0: Ball
1-0: Foul Ball, location: 2F
1-1: Ball
2-1: Ball
3-1: Foul Ball, location: 2F
3-2: Foul Ball, location: 2F
3-2: Base on Balls
Batting: RHB António Ramírez 0-0: Called Strike
0-1: Ball
1-1: SINGLE (Groundball, 5S) (infield hit)
Hideki Hisanobu scores
Bill Chambers to second
Batting: RHB Mario Blanco 0-0: Called Strike
0-1: Ball
1-1: Ground out 5-3 (Groundball, 56)
Top of the 6th over - 1 run, 2 hits, 0 errors, 2 left on base; Bakersfield 3 - Royse City 1
BOTTOM OF THE 6TH
Royse City Targaryens batting - Pitching for Bakersfield Nobles : RHP Jaganmani Vivek
Batting: RHB Charlie Rhodes 0-0: Ball
1-0: Ball
2-0: Ball
3-0: Base on Balls
Batting: RHB Javier Chávez 0-0: Called Strike
0-1: Ball
1-1: Sac Bunt - play at first, batter OUT! 2-3
Charlie Rhodes to second
Batting: RHB Chi-ju Zhang 0-0: Ball
1-0: Called Strike
1-1: Fly out, F5 (Line Drive, 5)
Batting: LHB Juan Macíel 0-0: Called Strike
0-1: SINGLE (Groundball, 4D)
Charlie Rhodes to third
Runner from 3rd tries for Home, SAFE, no throw
Batting: LHB Terrence Eler 0-0: Ball
1-0: Called Strike
Juan Macíel is caught stealing 2nd base
Bottom of the 6th over - 1 run, 1 hit, 0 errors, 0 left on base; Bakersfield 3 - Royse City 2
TOP OF THE 7TH
Bakersfield Nobles batting - Pitching for Royse City Targaryens : RHP Joe Pruitt
Batting: RHB Jesús Orozco 0-0: Swinging Strike
0-1: Swinging Strike
0-2: Foul Ball, location: 2F
0-2: Ball
1-2: Foul Ball, location: 2F
1-2: Ground out 4-3 (Groundball, 4)
Pitching: RHP Mike Farrell
Batting: RHB Alfredo García 0-0: Ball
1-0: Fly out, F6 (Line Drive, 6)
Batting: LHB Ramiro Ramos 0-0: Ball
1-0: Called Strike
1-1: Fly out, F6 (Popup, 6)
Top of the 7th over - 0 runs, 0 hits, 0 errors, 0 left on base; Bakersfield 3 - Royse City 2
BOTTOM OF THE 7TH
Royse City Targaryens batting - Pitching for Bakersfield Nobles : RHP Jaganmani Vivek
Batting: LHB Terrence Eler 0-0: Called Strike
0-1: Fly out, F8 (Flyball, 8LD)
Batting: RHB Alberto Vargas 0-0: Called Strike
0-1: Fly out, F3 (Popup, 3)
Batting: LHB Gonzalo Álvarez 0-0: Called Strike
0-1: Ball
1-1: Ball
2-1: Swinging Strike
2-2: Strikes out swinging
Bottom of the 7th over - 0 runs, 0 hits, 0 errors, 0 left on base; Bakersfield 3 - Royse City 2
TOP OF THE 8TH
Bakersfield Nobles batting - Pitching for Royse City Targaryens : RHP Mike Farrell
Batting: LHB Hideki Hisanobu 0-0: Ball
1-0: Called Strike
1-1: Ball
2-1: Ground out 4-3 (Groundball, 4)
Batting: RHB Marcos Reyes 0-0: Ball
1-0: Ball
2-0: SINGLE (Groundball, 56D)
Pinch Hitting: LHB Theo Fightmaster 0-0: Called Strike
0-1: Ball
1-1: Ball
2-1: SINGLE (Groundball, 56D)
Marcos Reyes to second
Batting: LHB Bill Chambers 0-0: Ball
1-0: Called Strike
1-1: Foul Ball, location: 2F
1-2: Fly out, F7 (Flyball, 7)
Batting: RHB António Ramírez 0-0: Ball
1-0: Called Strike
1-1: Ball
2-1: Ball
3-1: Fly out, F6 (Popup, 6M)
Top of the 8th over - 0 runs, 2 hits, 0 errors, 2 left on base; Bakersfield 3 - Royse City 2
BOTTOM OF THE 8TH
Royse City Targaryens batting - Pitching for Bakersfield Nobles : RHP Jaganmani Vivek
Now at SS: Tony Hernández
Batting: RHB Felipe Campos 0-0: Ball
1-0: Ground out 5-3 (Groundball, 56S)
Batting: LHB Ashley Thachi 0-0: SINGLE (Groundball, 56D)
Pinch Runner at 1st Albert Covington:
Batting: RHB Charlie Rhodes 0-0: Grounds into double play, 4-6-3 (Groundball, 34)
Bottom of the 8th over - 0 runs, 1 hit, 0 errors, 0 left on base; Bakersfield 3 - Royse City 2
TOP OF THE 9TH
Bakersfield Nobles batting - Pitching for Royse City Targaryens : RHP Mike Farrell
Now at 3B: Albert Covington
Batting: RHB Mario Blanco 0-0: Ball
1-0: Fly out, F8 (Flyball, 8LS)
Batting: RHB Jesús Orozco 0-0: Called Strike
0-1: Swinging Strike
0-2: Ball
1-2: Ball
2-2: Foul Ball, location: 2F
2-2: Ground out 6-3 (Groundball, 6)
Batting: RHB Alfredo García 0-0: Called Strike
0-1: Ball
1-1: Ground out 4-3 (Groundball, 4)
Top of the 9th over - 0 runs, 0 hits, 0 errors, 0 left on base; Bakersfield 3 - Royse City 2
BOTTOM OF THE 9TH
Royse City Targaryens batting - Pitching for Bakersfield Nobles : RHP Jaganmani Vivek
Batting: RHB Javier Chávez 0-0: Ball
1-0: Foul Ball, location: 2F
1-1: Ball
2-1: Foul Ball, location: 2F
2-2: Ball
3-2: Ground out 4-3 (Groundball, 4)
Batting: RHB Chi-ju Zhang 0-0: Ball
1-0: Foul Ball, location: 2F
1-1: Ground out 6-3 (Groundball, 6S)
Batting: LHB Juan Macíel 0-0: Called Strike
0-1: Swinging Strike
0-2: Ball
1-2: Fly out, F7 (Flyball, 7D)
Bottom of the 9th over - 0 runs, 0 hits, 0 errors, 0 left on base; Bakersfield 3 - Royse City 2
Sunday, March 18th, 2018 - OOTP Baseball 18.8 Build 76